 Dungeon Crawl Stone Soup version 0.30-a0-782-ge64f9170bb (webtiles) character file.

Game seed: 13501693301515403399

8889 senseless the Skirmisher (level 11, -10/95 HPs)
             Began as a Purple Draconian Berserker on Mar 1, 2023.
             Was a High Priest of Trog.
             Mangled by a cyan ugly thing (17 damage)
             ... summoned by an orange crystal statue
             ... on level 10 of the Dungeon.
             The game lasted 00:33:09 (9761 turns).

senseless the Skirmisher (DrBe)                     Turns: 9761, Time: 00:33:09

Health: -10/95     AC: 12    Str: 20      XL:     11   Next: 15%
Magic:  9/11       EV: 20    Int:  5 (7)  God:    Trog [*****.]
Gold:   533        SH:  5    Dex: 15      Spells: 10/10 levels left

rFire   . . .      SeeInvis .      - Unarmed
rCold   . . .      Faith    .    z - orb {light}
rNeg    . . .      Spirit   .    (body armour unavailable)
rPois   +          Reflect  +    (helmet restricted)
rElec   .          Harm     .    E - +1 cloak {rPois}
rCorr   +          Rampage  .    m - +2 pair of gloves
Will    +....                    (no boots)
Stlth   +                        v - amulet of reflection
HPRegen 0.35/turn                i - ring of resist corrosion
MPRegen 0.12/turn                q - +5 ring of evasion

@: flying, glowing
A: breathe power, AC +7, unfitting armour, cold-blooded, big wings
a: Breathe Dispelling Energy, Renounce Religion, Berserk, Trog's Hand, Brothers
in Arms


You were on level 10 of the Dungeon.
You worshipped Trog.
Trog was extremely pleased with you.
You visited 2 branches of the dungeon, and saw 11 of its levels.
You also visited: Ossuary and Bailey.

You collected 533 gold pieces.

Inventory:

Hand Weapons
 a - the +5 sling of Tenacity {drain, Int+3}
   (You found it on level 2 of the Dungeon)

   Int:       It affects your intelligence (+3).
 y - a +0 demon trident of flaming
Armour
 m - a +2 pair of gloves (worn)
 z - an orb of light (worn)
 E - a +1 cloak of poison resistance (worn)
Jewellery
 e - a ring of see invisible
 i - a ring of resist corrosion (left hand)
 o - a ring of protection from cold
 q - a +5 ring of evasion (right hand)
 v - an amulet of reflection (around neck)
Wands
 t - a wand of flame (5)
 u - a wand of digging (3)
 w - a wand of charming (1)
 D - a wand of iceblast (11)
Scrolls
 h - 3 scrolls of blinking
 k - 2 scrolls of amnesia
 l - 3 scrolls of fog
 r - 4 scrolls of immolation
 x - 4 scrolls of teleportation
 G - a scroll of fear
Potions
 b - 3 potions of heal wounds
 c - a potion of lignification
 d - a potion of ambrosia
 f - a potion of flight {unknown}
 g - 4 potions of attraction
 j - 3 potions of haste
 n - a potion of magic {unknown}
 p - 2 potions of might
 s - 7 potions of curing
 A - a potion of cancellation {unknown}
 B - a potion of mutation
 C - 3 potions of brilliance
Miscellaneous
 F - a condenser vane


   Skills:
 + Level 8.6 Fighting
 + Level 11.5 Ranged Weapons
 + Level 6.5 Dodging
 + Level 2.1 Stealth
 + Level 2.8 Shields
 + Level 6.7 Unarmed Combat


You had 10 spell levels left.
You didn't know any spells.
Your spell library contained the following spells:

 Spells                   Type           Power      Damage    Failure   Level
 Shock                    Conj/Air       0%         1d3       47%         1
 Sting                    Tmut/Pois      0%         1d3       47%         1
 Poisonous Vapours        Pois/Air       0%         N/A       63%         2
 Kindle Blastsparks       Fire/Tloc/Air  0%         2d10      85%         3
 Swiftness                Air            0%         N/A       85%         3
 Vhi's Electric Charge    Tloc/Air       0%         N/A       85%         3
 Airstrike                Air            0%         2d(0-16)  99%         4
 Fulminant Prism          Conj/Hex       0%         3d5       99%         4
 Iskenderun's Mystic Bla  Conj/Tloc      0%         2d3       99%         4
 Olgreb's Toxic Radiance  Pois           0%         N/A       99%         4
 Arcjolt                  Conj/Air       0%         1d10      100%        5
 Lee's Rapid Deconstruct  Erth           0%         3d4*      100%        5
 Summon Forest            Summ/Tloc      0%         N/A       100%        5
 Summon Mana Viper        Hex/Summ       0%         N/A       100%        5
 Summon Cactus Giant      Summ           0%         N/A       100%        6
 Maxwell's Capacitive Co  Air            0%         ∞         100%        8


Dungeon Overview and Level Annotations

Branches:
Dungeon (10/15)            Temple (1/1) D:6         Ossuary (visited)
 Bailey (visited)
   Lair: D:8-11         Orc: D:9-12

Altars:
Ashenzari
Cheibriados
Dithmenos
Elyvilon
Fedhas
Gozag
Hepliaklqana
Kikubaaqudgha
Makhleb
Nemelex Xobeh
Okawaru
Qazlal
Ru
Sif Muna
Trog
Uskayaw
Vehumet
Wu Jian
Xom
Yredelemnul
Zin
The Shining One
Lugonu

Shops:
D:2 (

Annotations:
D:9 2 transporters
D:10 3 runed translucent doors, exclusion: orange crystal statue


Innate Abilities, Weirdness & Mutations

You can breathe bolts of dispelling energy.
Your rich purple scales are hard. (AC +7)
You cannot fit into any form of body armour.
You are cold-blooded and may be slowed by cold attacks.
Your large and strong wings let you fly.


Message History

The cyan ugly thing misses you.
You barely miss the cyan ugly thing.
The cyan ugly thing is lightly wounded.
The cyan ugly thing pecks you. The cyan ugly thing shocks you!
* * * LOW HITPOINT WARNING * * *
You hit the cyan ugly thing.
The cyan ugly thing is lightly wounded.
You block the cyan ugly thing's attack.
The cyan ugly thing attacks as you move away!
The cyan ugly thing completely misses you.
The cyan ugly thing attacks as you move away!
You block the cyan ugly thing's attack. The cyan ugly thing misses you.
The cyan ugly thing attacks as you move away!
The cyan ugly thing pecks you but does no damage.
The cyan ugly thing attacks as you move away!
The cyan ugly thing closely misses you.
There is an open door here.
The cyan ugly thing attacks as you move away!
The cyan ugly thing barely misses you.
The cyan ugly thing attacks as you move away!
The cyan ugly thing pecks you!
* * * LOW HITPOINT WARNING * * *
The cyan ugly thing shocks you!
* * * LOW HITPOINT WARNING * * *
The cyan ugly thing barely misses you.
You feel much better. The cyan ugly thing misses you.
You block the cyan ugly thing's attack.
The cyan ugly thing attacks as you move away!
The cyan ugly thing pecks you. The cyan ugly thing shocks you!
* * * LOW HITPOINT WARNING * * *
The yak closely misses you.
The cyan ugly thing attacks as you move away!
The cyan ugly thing barely misses you.
There is an open door here.
The cyan ugly thing attacks as you move away!
The cyan ugly thing pecks you!
* * * LOW HITPOINT WARNING * * *
The cyan ugly thing shocks you!
You die...

#.# #.# #.# #.# #.# #.#
#.## #.# #..# #.# ##.#
#.# #.## #.# #..# #.#
##@# #.# #######u####
#.# #.....YYY..# #.#
#..........# ##.#
#..>.....Y.# #..#
#.........Y########.####
#..........Y..Y.........
#..........########.####
######'##### #.#


You could see a cyan ugly thing (summoned) and 6 yaks.

Vanquished Creatures
  A two-headed ogre (D:10)
  Pikel (D:4)
  An orc knight (Bailey)
  A deep elf pyromancer (Bailey)
  2 gargoyles (D:10)
  2 kobold demonologists (D:10)
  2 unseen horror zombies (D:9)
  A shadow (D:9)
  A wyvern (D:10)
  Eustachio (D:6)
  7 yaks (D:10)
  A steam dragon (D:7)
  Menkaure (D:4)
  A water moccasin (D:7)
  5 orc warriors
  A sky beast (D:7)
  2 ogres
  3 centaurs (D:9)
  3 lemures
  An elf zombie (Ossuary)
  A kobold brigand (D:10)
  2 bullfrogs
  A scorpion (D:6)
  6 wights
  5 killer bees (D:8)
  4 jellies (D:5)
  6 centaur zombies
  3 hounds
  2 gnoll boudas
  2 human zombies (Ossuary)
  10 orc priests
  2 iguanas
  Natasha (thrice) (D:2)
  14 orc wizards
  A killer bee zombie (D:9)
  2 hound zombies (Ossuary)
  5 mummies
  3 howler monkey zombies (D:9)
  Robin (D:4)
  5 adders
  6 gnolls
  A white imp (D:6)
  2 ufetubi
  6 adder zombies (Ossuary)
  2 worms
  5 dart slugs
  45 orcs
  6 bats
  3 endoplasms
  3 giant cockroaches
  21 goblins
  6 hobgoblins
  3 jackals (D:1)
  2 quokkas
  2 ball pythons
  3 frilled lizards
  2 goblin zombies
  5 hobgoblin zombies (Ossuary)
  A jackal zombie (Ossuary)
  13 kobolds
  10 kobold zombies
  6 quokka zombies (Ossuary)
  5 rats
  2 rat zombies (Ossuary)
276 creatures vanquished.

Notes
Turn   | Place    | Note
-------+----------+-------------------------------------------
     0 | D:1      | senseless the Draconian Berserker began the quest for the
                  | Orb.
     0 | D:1      | Reached XP level 1. HP: 19/19 MP: 1/1
   192 | D:1      | Reached XP level 2. HP: 24/26 MP: 2/2
   697 | D:2      | Found Angioq's Weapon Shop.
   741 | D:2      | Reached XP level 3. HP: 17/33 MP: 3/3
  1040 | D:2      | Noticed Natasha
  1046 | D:2      | Killed Natasha
  1047 | D:2      | Reached XP level 4. HP: 35/40 MP: 4/4
  1132 | D:2      | Reached ** piety under Trog
  1347 | D:2      | Noticed Natasha
  1363 | D:2      | Killed Natasha
  1527 | D:2      | Identified the +5 sling of Tenacity {drain, Int+3}
  1571 | D:2      | Noticed Natasha
  1578 | D:2      | Killed Natasha
  1709 | D:3      | Reached XP level 5. HP: 46/46 MP: 5/5
  1859 | D:3      | Reached skill level 5 in Unarmed Combat
  1923 | D:3      | Reached skill level 1 in Ranged Weapons
  2068 | D:3      | Reached XP level 6. HP: 52/52 MP: 6/6
  2156 | D:3      | Found a faded altar of an unknown god.
  2237 | D:3      | Found a faded altar of an unknown god.
  2241 | D:3      | Found a broken altar of Ashenzari.
  2350 | D:4      | Reached skill level 2 in Ranged Weapons
  2437 | D:4      | Noticed Menkaure
  2443 | D:4      | Killed Menkaure
  2509 | D:4      | Noticed Pikel
  2653 | D:4      | Noticed Robin
  3016 | D:4      | Killed Robin
  3016 | D:4      | Reached *** piety under Trog
  3017 | D:4      | Your scales start taking on a rich purple colour.
  3017 | D:4      | Reached XP level 7. HP: 51/60 MP: 7/7
  3029 | D:4      | Reached skill level 3 in Ranged Weapons
  3520 | D:4      | Killed Pikel
  3521 | D:4      | Reached skill level 4 in Ranged Weapons
  3521 | D:4      | Reached skill level 1 in Stealth
  3777 | D:5      | Entered Level 5 of the Dungeon
  3798 | D:5      | Found a sand-covered staircase.
  3823 | D:5      | Reached XP level 8. HP: 67/67 MP: 8/8
  3873 | Ossuary  | Entered an ossuary
  3898 | Ossuary  | Reached skill level 5 in Fighting
  3904 | Ossuary  | Reached skill level 5 in Ranged Weapons
  3948 | Ossuary  | Reached **** piety under Trog
  4007 | Ossuary  | Reached skill level 5 in Dodging
  4387 | D:5      | Found a shimmering altar of Xom.
  4435 | D:5      | Reached skill level 6 in Ranged Weapons
  4770 | D:5      | Found a shimmering blue altar of Sif Muna.
  4856 | D:6      | Reached skill level 1 in Shields
  4883 | D:6      | Gained mutation: You occasionally shout uncontrollably at
                  | your foes. [potion of mutation]
  4883 | D:6      | Gained mutation: You possess an exceptional clarity of
                  | mind. [potion of mutation]
  4883 | D:6      | Lost mutation: You possess an exceptional clarity of mind.
                  | [potion of mutation]
  4883 | D:6      | Gained mutation: Your spells are a little harder to cast,
                  | but a little more powerful. [potion of mutation]
  4884 | D:6      | Found a staircase to the Ecumenical Temple.
  4899 | Temple   | Entered the Ecumenical Temple
  5221 | D:6      | Lost mutation: Your spells are a little harder to cast, but
                  | a little more powerful. [potion of mutation]
  5221 | D:6      | Lost mutation: You occasionally shout uncontrollably at
                  | your foes. [potion of mutation]
  5221 | D:6      | Gained mutation: Your large and strong wings let you fly.
                  | [potion of mutation]
  5266 | D:6      | Reached XP level 9. HP: 75/75 MP: 9/9
  5545 | D:6      | Noticed Eustachio
  5556 | D:6      | Killed Eustachio
  5557 | D:6      | Reached skill level 7 in Ranged Weapons
  5870 | D:7      | Identified the +3 ring mail of the Pure Visions {rElec
                  | rPois rF- Dex-3}
  6086 | D:7      | Found an ornate altar of the Wu Jian Council.
  6449 | D:7      | Found a blossoming altar of Fedhas.
  6670 | D:8      | Reached skill level 8 in Ranged Weapons
  6894 | D:8      | Found a burning altar of Makhleb.
  6895 | D:8      | Found a radiant altar of Vehumet.
  6901 | D:8      | Found a hide-covered altar of Uskayaw.
  6964 | D:8      | Reached ***** piety under Trog
  7408 | D:9      | Reached XP level 10. HP: 71/86 MP: 10/10
  7414 | D:9      | Reached skill level 9 in Ranged Weapons
  7658 | D:9      | Found a transporter.
  7660 | D:9      | Found a corrupted altar of Lugonu.
  7660 | D:9      | Noticed a brown ugly thing
  7982 | D:9      | Found a transporter.
  7986 | D:9      | Noticed a red ugly thing
  8213 | D:10     | Entered Level 10 of the Dungeon
  8229 | D:10     | Found a flagged portal.
  8241 | Bailey   | Entered a bailey
  8274 | Bailey   | Noticed an orc knight
  8305 | Bailey   | Killed an orc knight
  8408 | Bailey   | Found a large runed translucent door.
  8408 | Bailey   | Found a large runed translucent door.
  8423 | Bailey   | Noticed a deep elf pyromancer
  8517 | Bailey   | Killed a deep elf pyromancer
  8518 | Bailey   | Reached skill level 10 in Ranged Weapons
  8603 | D:10     | Received a gift from Trog
  8690 | D:10     | Noticed a two-headed ogre
  8699 | D:10     | Killed a two-headed ogre
  8790 | D:10     | Reached skill level 11 in Ranged Weapons
  8969 | D:10     | Found a runed translucent door.
  8996 | D:10     | Found a runed translucent door.
  9019 | D:10     | Found a runed translucent door.
  9131 | D:10     | Noticed an orange demon
  9134 | D:10     | Reached XP level 11. HP: 83/95 MP: 11/11
  9230 | D:10     | Found a runed translucent door.
  9624 | D:10     | Noticed an orange crystal statue
  9626 | D:10     | Noticed a two-headed ogre
  9689 | D:10     | Noticed a cyan ugly thing
  9753 | D:10     | HP: 4/95 [cyan ugly thing[an orange crystal statue] (15)]
  9761 | D:10     | Mangled by a cyan ugly thing

Illustrated notes

Levels and vault maps discovered:
D:1:      lemuel_arrival_cross, layout_basic
D:2:      layout_basic, serial_shops, nicolae_diamond_shop, uniq_natasha
D:3:      layout_rooms, nicolae_overflow_ecumenical_swirl, serial_rivers,
          chequers_serial_rivers_large_b, chequers_serial_rivers_micro_c,
          chequers_serial_rivers_small_a, chequers_serial_rivers_micro_b,
          hellmonk_ecumenical_altar_pennies_from_heaven, minmay_misc_feat_square
D:4:      layout_gridville, serial_co_window_serial, co_window_paths_a,
          co_window_of_opportunity_a, co_window_corner_a, co_window_paths_b,
          co_window_paths_a, co_window_unsneaky_path_d, co_window_broadway_a,
          co_window_corner_ca, co_window_paths_e, co_window_paths_d, uniq_robin,
          uniq_menkaure, uniq_pikel
D:5:      layout_basic, mainiacjoe_overflow_small_starburst,
          lemuel_blue_sif_altar, nicolae_ossuary_entry_giza
D:6:      layout_basic, minmay_temple_entry_crystal_x, uniq_eustachio
D:7:      layout_basic, lemuel_coloured_pillars_altar,
          pdpol_wu_jian_five_deadly_venoms
D:8:      layout_basic, chequers_temple_overflow_statue_of_worship,
          minmay_mini_ossuary
D:9:      gammafunk_corrupted_shrine, layout_stronghold, serial_undead,
          serial_undead_b, serial_undead_c, serial_undead_f, serial_undead_a,
          chequers_serial_rivers_room_b, minmay_misc_feat_diagonals
D:10:     layout_roguey, enter_bailey_5, minmay_statue_crystal_thing
Temple:   nicolae_temple_superstar

Skill      XL: |  1  2  3  4  5  6  7  8  9 10 |
---------------+-------------------------------+-----
Dodging        | 3 4 5 6 |  6.5
Unarmed Combat | 4 5 6 |  6.7
Fighting       | 4 6 7 8 |  8.6
Ranged Weapons | 1 2 4 6 8 11 | 11.5
Stealth        | 1 2 |  2.1
Shields        | 1 2 |  2.8

Action                     |  1- 3 |  4- 6 |  7- 9 | 10-12 || total
---------------------------+-------+-------+-------+-------++-------
  Melee: Unarmed           |    84 |    88 |    27 |    78 ||   277
         Tailslap          |    14 |     9 |     4 |    12 ||    39
         Punch             |     3 |     4 |       |     2 ||     9
         Sling             |       |       |     1 |       ||     1
   Fire: Sling             |       |    74 |   534 |   329 ||   937
 Invoke: Berserk           |       |       |     2 |       ||     2
         Trog's Hand       |       |       |       |     1 ||     1
    Use: Scroll            |       |     1 |    18 |     3 ||    22
         Potion            |       |       |     2 |     1 ||     3
 Armour: Skin              |    24 |    29 |   113 |    28 ||   194
  Dodge: Dodged            |    42 |    72 |   373 |   138 ||   625
  Block: Other             |       |       |    94 |    17 ||   111
         Reflection        |       |       |     2 |     3 ||     5
         Orb               |       |       |       |    12 ||    12

Table legend: (Time is in decaauts)
 A = Elapsed time spent in this place.
 B = Non-inter-level travel time spent in this place.
 C = Inter-level travel time spent in this place.
 D = Time resting spent in this place.
 E = Time spent auto-exploring this place.
 F = Levels seen in this place.
 G = Mean time per level.
                   A        B        C        D        E       F      G
               +--------+--------+--------+--------+--------+-----+--------+
         Total |   9798 |   9406 |    392 |    304 |   6958 |  13 |  753.7 |
       Dungeon |   8817 |   8442 |    375 |    302 |   6400 |  10 |  881.7 |
        Temple |    131 |    114 |     17 |      0 |    100 |   1 |  131.0 |
       Ossuary |    505 |    505 |      0 |      2 |    256 |   1 |  505.0 |
        Bailey |    343 |    343 |      0 |      0 |    202 |   1 |  343.0 |
               +--------+--------+--------+--------+--------+-----+--------+

Top non-repeatable levels by time:
     D:4: 1186 daAuts
    D:10: 1155 daAuts
     D:2: 1075 daAuts
     D:7: 942 daAuts
     D:3: 942 daAuts
     D:9: 924 daAuts
     D:6: 729 daAuts
     D:8: 663 daAuts
     D:1: 627 daAuts
     D:5: 570 daAuts
 Ossuary: 505 daAuts
  Bailey: 343 daAuts
  Temple: 131 daAuts
